 Dungeon Crawl Stone Soup version 0.28-a0-1447-ga5a8893891 (webtiles) character file.

Game seed: 153730447761179222

21 hashsling the Grave Robber (level 2, 0/15 HPs)
             Began as a Deep Elf Necromancer on Jan 11, 2022.
             Slain by Sigmund (5 damage)
             ... on level 2 of the Dungeon.
             The game lasted 00:04:36 (1452 turns).

hashsling the Grave Robber (Deep Elf Necromancer)   Turns: 1452, Time: 00:04:36

Health: 0/15       AC:  3    Str:  5    XL:     2   Next: 65%
Magic:  5/8        EV: 12    Int: 19    God:
Gold:   25         SH:  0    Dex: 15    Spells: 6/8 levels left

rFire   . . .      SeeInvis .   c - +1 dagger (speed)
rCold   . . .      Faith    .   (no shield)
rNeg    . . .      Spirit   .   b - +0 robe
rPois   .          Reflect  .   g - +0 helmet
rElec   .          Harm     .   (no cloak)
rCorr   .          Rampage  .   (no gloves)
Will    .....                   (no boots)
Stlth   ++........              (no amulet)
HPRegen 0.05/turn               (no ring)
MPRegen 0.11/turn               (no ring)

@: no status effects
A: no striking features
a: no special abilities


You were on level 2 of the Dungeon.
You visited 1 branch of the dungeon, and saw 2 of its levels.

You collected 25 gold pieces.

Inventory:

Hand Weapons
 c - a +1 dagger of speed (weapon)
Missiles
 a - 3 curare-tipped darts
 h - 12 arrows
Armour
 b - a +0 robe (worn)
 g - a +0 helmet (worn)
Scrolls
 d - a scroll of enchant weapon {unknown}
 e - a scroll of teleportation {unknown}
 f - a scroll of identify {unknown}
 i - a scroll of magic mapping {unknown}
 j - a scroll of immolation {unknown}


   Skills:
 - Level 2.4 Dodging
 - Level 2.4 Stealth
 * Level 3.9 Spellcasting
 * Level 5.3 Necromancy


You had 6 spell levels left.
You knew the following spells:

 Your Spells              Type           Power      Damage    Failure   Level
a - Pain                  Necr           96%        1d8       1%          1
b - Animate Skeleton      Necr           48%        N/A       1%          1

Your spell library contained the following spells:

 Spells                   Type           Power      Damage    Failure   Level
 Vampiric Draining        Necr           24%        2d7       4%          3
 Sandblast                Erth           6%         2d5       14%         1
 Animate Dead             Necr           12%        N/A       16%         4
 Passwall                 Tmut/Erth      2%         N/A       22%         2
 Stone Arrow              Conj/Erth      6%         3d7       38%         3
 Agony                    Necr           24%        N/A       38%         5


Dungeon Overview and Level Annotations

Branches:
Dungeon (2/15)

Altars:

Annotations:
D:2 Sigmund


Message History

Sigmund gestures at you while chanting.
You are confused.
Found a stone staircase leading down.
You're too confused to move!
An adder comes into view.
Sigmund points at you and mumbles some strange words.
The magic dart hits you!
Ouch! That really hurt!
The frilled lizard barely misses you.
You miss the frilled lizard. Sigmund completely misses you.
The frilled lizard barely misses you.
You are too confused!
You feel less confused.
Sigmund says, "Don't worry, I'll kill you fast."
Sigmund closely misses you. Sigmund says, "I'm your fate."
Sigmund mumbles some strange words.
Sigmund flickers and vanishes!
Deactivating autopickup; reactivate with Ctrl-A.
The frilled lizard barely misses you.
Casting: Pain (safe; 1% risk of failure)
Confirm with . or Enter, or press ? or * to list all spells.
Aiming: Pain (safe; 1% risk of failure)
Press: ? - help, Shift-Dir - straight line, f - frilled lizard
Aim: a frilled lizard (chance to affect: 92%)
The adder barely resists.
The adder bites you but does no damage.
Casting: Pain (safe; 1% risk of failure)
Confirm with . or Enter, or press ? or * to list all spells.
Aiming: Pain (safe; 1% risk of failure)
Press: ? - help, Shift-Dir - straight line, f/p - frilled lizard
Aim: a frilled lizard (chance to affect: 92%)
The frilled lizard writhes in agony.
You kill the frilled lizard!
The adder closely misses you.
Casting: Pain (safe; 1% risk of failure)
Confirm with . or Enter, or press ? or * to list all spells.
You attempt to give life to the dead...
Before your eyes, flesh is ripped from the corpse!
The dead are walking!
The adder barely misses you. Something hits you.
You die...

#..[......# #########.........#
........#.........#.
#..#.....#.........
..........#.........
.#..#.....#.........
..........#.........
###################.............
#...............@Z....#.........
#................S....#........>
#.....................#........#
#..<..########........#........#
......# ##########........#
#.....# ########## ......#
#####.# #.#


You could see an adder (ally target) and a friendly frilled lizard skeleton.

Vanquished Creatures
  5 endoplasms (D:1)
  3 goblins (D:1)
  2 hobgoblins (D:1)
  3 kobolds (D:1)
  A ball python (D:1)
  5 frilled lizards
19 creatures vanquished.

Notes
Turn   | Place    | Note
-------+----------+-------------------------------------------
     0 | D:1      | hashsling the Deep Elf Necromancer began the quest for the
                  | Orb.
     0 | D:1      | Reached XP level 1. HP: 10/10 MP: 6/6
   426 | D:1      | Reached skill level 5 in Necromancy
   535 | D:1      | Reached XP level 2. HP: 10/15 MP: 4/8
   917 | D:1      | Found a faded altar of an unknown god.
   999 | D:1      | Learned a level 1 spell: Animate Skeleton
  1433 | D:2      | Noticed Sigmund
  1452 | D:2      | Slain by Sigmund

Illustrated notes

Levels and vault maps discovered:
D:1:      mainiacjoe_arrival_reflecting_pool, layout_loops_corners,
          shapermc_ecumenical_altar_mp_vishouse
D:2:      layout_basic, grunt_ministairs_15, columned_hall_lemuel,
          minmay_vboxes, uniq_terence, uniq_sigmund

Skill      XL: |  1 |
---------------+----+-----
Necromancy     | 5 |  5.3
Dodging        | |  2.4
Stealth        | |  2.4
Spellcasting   | |  3.9

Action                   || total
-------------------------++-------
Melee: Dagger            ||     1
 Cast: Pain              ||    27
       Animate Skeleton  ||     1
Armor: Robe              ||     2
Dodge: Dodged            ||     7

Table legend: (Time is in decaauts)
 A = Elapsed time spent in this place.
 B = Non-inter-level travel time spent in this place.
 C = Inter-level travel time spent in this place.
 D = Time resting spent in this place.
 E = Time spent auto-exploring this place.
 F = Levels seen in this place.
 G = Mean time per level.
                   A        B        C        D        E       F      G
               +--------+--------+--------+--------+--------+-----+--------+
         Total |   1450 |   1414 |     36 |      0 |   1275 |   2 |  725.0 |
       Dungeon |   1450 |   1414 |     36 |      0 |   1275 |   2 |  725.0 |
               +--------+--------+--------+--------+--------+-----+--------+

Top non-repeatable levels by time:
     D:1: 1401 daAuts
     D:2: 49 daAuts
